 Dungeon Crawl Stone Soup version 0.20.1-1-g8b1a95d (webtiles) character file.

907 Jannitor the Charmwright (level 7, -3/36 HPs)
             Began as a Spriggan Skald on Aug 28, 2017.
             Was a Priest of Makhleb.
             Slain by Prince Ribbit (16 damage)
             ... on level 6 of the Dungeon.
             The game lasted 00:14:27 (8268 turns).

Jannitor the Charmwright (Spriggan Skald)           Turns: 8268, Time: 00:14:28

Health: -3/36      AC:  3    Str:  8    XL:     7   Next: 81%
Magic:  9/13       EV: 22    Int: 16    God:    Makhleb [***...]
Gold:   403        SH:  0    Dex: 15    Spells: 2/13 levels left

rFire    . . .     SeeInvis +   a - +0 mace
rCold    . . .     Gourm    .   (shield restricted)
rNeg     . . .     Faith    .   b - +1 robe
rPois    .         Spirit   .   (helmet restricted)
rElec    .         Reflect  .   (no cloak)
rCorr    .         Harm     .   (gloves unavailable)
MR       ++...                  (boots unavailable)
Stlth    +.........             (no amulet)
Regen    0.2/turn               i - ring of protection from magic
MPRegen  0.2/turn               (no ring)

@: very quick
A: unfitting armour, see invisible, herbivore 3, speed 3, slow metabolism 2
a: Minor Destruction, Lesser Servant of Makhleb, Renounce Religion


You were on level 6 of the Dungeon.
You worshipped Makhleb.
Makhleb was most pleased with you.
You were not hungry.

You visited 1 branch of the dungeon, and saw 6 of its levels.

You collected 403 gold pieces.

Inventory:

Hand Weapons
 a - a +0 mace (weapon)
Armour
 b - a +1 robe (worn)
Jewellery
 i - a ring of protection from magic (left hand)
Wands
 s - a wand of enslavement (24/24)
Scrolls
 e - 5 scrolls of identify
 g - 2 scrolls of remove curse
 h - 3 scrolls of blinking
 j - a scroll of magic mapping
 p - a scroll of recharging
 q - 3 scrolls of teleportation
Potions
 f - a potion of brilliance
 k - 6 potions of heal wounds
 m - 2 potions of mutation {unknown}
 n - a potion of invisibility
 o - a potion of cancellation
Books
 c - a book of Battle

   Spells                             Type                      Level
   a - Infusion                       Charms                       1
   b - Shroud of Golubria             Charms/Translocation         2
   c - Song of Slaying                Charms                       2
   d - Spectral Weapon                Hexes/Charms                 3
   e - Regeneration                   Charms/Necromancy            3
 r - a book of Changes

   Spells                             Type                      Level
   a - Beastly Appendage              Transmutation                1
   b - Sticks to Snakes               Transmutation                2
   c - Spider Form                    Transmutation/Poison         3
   d - Ice Form                       Ice/Transmutation            4
   e - Blade Hands                    Transmutation                5
Comestibles
 d - 2 bread rations


   Skills:
 + Level 3.0 Fighting
 + Level 3.7 Maces & Flails
 + Level 7.1 Dodging
 + Level 3.5 Spellcasting
 - Level 2.1 Hexes
 - Level 7.1 Charms
 - Level 2.6 Translocations
 + Level 0.0 Invocations


You had 2 spell levels left.
You knew the following spells:

 Your Spells              Type           Power        Failure   Level  Hunger
a - Infusion              Chrm           ####         1%          1    None
b - Song of Slaying       Chrm           ####....     1%          2    ##.....
c - Shroud of Golubria    Chrm/Tloc      ###.......   3%          2    ##.....
d - Spectral Weapon       Hex/Chrm       ###.....     8%          3    ###....
e - Regeneration          Chrm/Necr      ##........   12%         3    ###....


Dungeon Overview and Level Annotations

Branches:
Dungeon (6/15)             Temple (0/1) D:4

Altars:
Makhleb
Sif Muna
Yredelemnul

Annotations:
D:5 Sigmund
D:6 Prince Ribbit


Innate Abilities, Weirdness & Mutations

You are very small and have problems with some larger weapons.
You are too small for most types of armour.
You have supernaturally acute eyesight. (SInv)
You are a herbivore.
You cover ground extremely quickly.
You need consume almost no food.


Message History

Unknown command.
The hound completely misses you.
Unknown command.
You closely miss Prince Ribbit.
Your spectral weapon hits Prince Ribbit.
Prince Ribbit closely misses you. The hound misses you.
Prince Ribbit misses you.
Unknown command.
You thump Prince Ribbit!
Prince Ribbit is moderately wounded.
Your spectral weapon hits Prince Ribbit.
The hound barely misses you. Prince Ribbit misses you.
Your shroud bends the hound's attack away.
Prince Ribbit hits you!
Unknown command.
You closely miss Prince Ribbit.
Prince Ribbit is moderately wounded.
Your spectral weapon misses Prince Ribbit.
The hound completely misses you. Prince Ribbit hits you!
You die...

##### #...# #...#
#...# #...# #####
##.hF#######...#####
#..@('.....'........
#....#######...#####
#.#### ##### *#.,,,*
########### *.,,*,*
#..........
#.,<*.#####..##'#####
#,>,.........###.....
*,,,..######.'###.#.#
****,,,,,**#.#.###.##


You could see Prince Ribbit, a hound and a friendly spectral mace.

Vanquished Creatures
  A black bear (D:4)
  An ogre (D:4)
  A centaur (D:5)
  A jelly (D:6)
  2 centaur zombies (D:5)
  2 crimson imps (D:6)
  A hound (D:5)
  A gnoll shaman (D:5)
  Natasha (thrice) (D:2)
  An orc wizard (D:4)
  2 worker ants (D:4)
  10 gnolls
  8 adders
  An ooze (D:1)
  4 worms
  6 leopard geckos
  10 orcs
  4 giant cockroaches
  7 goblins
  9 hobgoblins
  6 jackals
  5 quokkas
  9 bats
  5 frilled lizards
  7 kobolds
  12 rats
119 creatures vanquished.

Notes
Turn   | Place    | Note
-------+----------+-------------------------------------------
     0 | D:1      | Jannitor the Spriggan Skald began the quest for the Orb.
     0 | D:1      | Reached XP level 1. HP: 10/10 MP: 5/5
     2 | D:1      | Noticed a vampire
     2 | D:1      | Noticed a ghoul
     4 | D:1      | Noticed an elf
     4 | D:1      | Noticed a tengu
     6 | D:1      | Noticed a merfolk
     8 | D:1      | Noticed a demigod
    10 | D:1      | Noticed a formicid
    12 | D:1      | Noticed a gargoyle
    12 | D:1      | Noticed an octopode
    14 | D:1      | Noticed a felid
    14 | D:1      | Noticed a draconian
    16 | D:1      | Noticed an ogre
    16 | D:1      | Noticed a centaur
    18 | D:1      | Noticed a demonspawn
    18 | D:1      | Noticed a human
    20 | D:1      | Noticed a dwarf
    22 | D:1      | Noticed a spriggan
    22 | D:1      | Noticed a troll
    24 | D:1      | Noticed a minotaur
    24 | D:1      | Noticed a vine stalker
    26 | D:1      | Noticed a halfling
    26 | D:1      | Noticed a naga
   111 | D:2      | Reached XP level 2. HP: 14/14 MP: 2/6
   506 | D:1      | Reached skill level 5 in Charms
   943 | D:1      | Reached XP level 3. HP: 18/18 MP: 8/8
  1334 | D:2      | Learned a level 2 spell: Song of Slaying
  1436 | D:2      | Found a faded altar of an unknown god.
  1521 | D:2      | Became a worshipper of Makhleb the Destroyer
  1521 | D:2      | Reached * piety under Makhleb
  1681 | D:2      | Found a basalt altar of Yredelemnul.
  1706 | D:2      | Noticed Natasha
  1725 | D:2      | Killed Natasha
  1725 | D:2      | Reached XP level 4. HP: 15/22 MP: 3/9
  1739 | D:2      | Noticed Natasha
  1751 | D:2      | Killed Natasha
  1817 | D:2      | Learned a level 2 spell: Shroud of Golubria
  1935 | D:2      | Noticed Natasha
  1943 | D:2      | Killed Natasha
  1943 | D:2      | Reached skill level 5 in Dodging
  1943 | D:2      | Reached XP level 5. HP: 25/25 MP: 5/10
  3232 | D:3      | Reached ** piety under Makhleb
  3317 | D:3      | Noticed an ogre
  3326 | D:3      | HP: 1/25 [ogre/giant club (24)]
  4433 | D:4      | Learned a level 3 spell: Spectral Weapon
  4439 | D:4      | Noticed an ogre
  4445 | D:5      | Entered Level 5 of the Dungeon
  4492 | D:5      | Noticed a centaur
  4506 | D:5      | Killed a centaur
  4506 | D:5      | Reached XP level 6. HP: 18/30 MP: 0/11
  5149 | D:4      | Found a staircase to the Ecumenical Temple.
  6826 | D:5      | Reached XP level 7. HP: 35/35 MP: 2/12
  6952 | D:4      | Reached skill level 1 in Translocations
  7266 | D:5      | Noticed Sigmund
  7384 | D:4      | Reached skill level 1 in Hexes
  7948 | D:6      | Learned a level 3 spell: Regeneration
  8075 | D:6      | Found a deep blue altar of Sif Muna.
  8111 | D:6      | Reached *** piety under Makhleb
  8260 | D:6      | Noticed Prince Ribbit
  8268 | D:6      | Slain by Prince Ribbit

Skill      XL: |  1  2  3  4  5  6  7 |
---------------+----------------------+-----
Dodging        | 4 5 6 7 |  7.1
Charms         | 5 6 7 |  7.1
Maces & Flails | 2 3 |  3.7
Fighting       | 2 3 |  3.0
Translocations | 2 |  2.6
Spellcasting   | 3 |  3.5
Hexes          | 2 |  2.1

Action                   |  1- 3 |  4- 6 |  7- 9 || total
-------------------------+-------+-------+-------++-------
Melee: Mace              |   113 |   255 |    86 ||   454
 Cast: Infusion          |    12 |    20 |     7 ||    39
       Song of Slaying   |     1 |     8 |     3 ||    12
       Shroud of Golubri |       |    17 |     6 ||    23
       Spectral Weapon   |       |       |    10 ||    10
  Use: Potion            |       |     5 |       ||     5
       Scroll            |       |     2 |     6 ||     8
 Stab: Sleeping          |     4 |       |       ||     4
       Invisible         |       |     1 |       ||     1
  Eat: Bread ration      |       |     1 |     1 ||     2
Armor: Robe              |    13 |    17 |     8 ||    38
Dodge: Dodged            |   101 |   260 |   129 ||   490
